 Dungeon Crawl Stone Soup version 0.24.0-1-gfbc8707122 (webtiles) character file.

Game seed: 11558229544295821495, levelgen mode: deterministic

25807 Mrkan the Evangelist (level 13, -3/118 HPs)
             Began as a Hill Orc Fighter on Oct 27, 2019.
             Was an Elder of Beogh.
             Slain by a red devil
             ... wielding a +0 trident of flaming
              (5 damage)
             ... in a volcano.
             The game lasted 00:39:28 (15304 turns).

Mrkan the Evangelist (Hill Orc Fighter)            Turns: 15304, Time: 00:39:29

Health: -3/118     AC: 16    Str: 26    XL:     13   Next: 21%
Magic:  24/24      EV:  9    Int:  6    God:    Beogh [****..]
Gold:   674        SH: 20    Dex: 12    Spells: 12/12 levels left

rFire    + + .     SeeInvis .   a - +1 war axe
rCold    + + .     Gourm    .   J - +1 large shield
rNeg     + + +     Faith    .   x - +1 plate armour of Jyrotiru {+Blink rElec rN+++ Int-2}
rPois    +         Spirit   .   w - +0 helmet
rElec    +         Reflect  .   G - scarf {rC+ rF+}
rCorr    +         Harm     .   D - +0 pair of gloves
MR       .....                  (no boots)
Stlth    ..........             (no amulet)
HPRegen  0.29/turn              A - +4 ring of strength
MPRegen  0.19/turn              c - +4 ring of evasion

@: resistant
A: hooves 1, mutation resistance 1, wild magic 1, MP-powered wands
a: Smiting, Recall Orcish Followers, Renounce Religion, Evoke Blink


You were in a volcano.
You worshipped Beogh.
Beogh was greatly pleased with you.
You were not hungry.

You visited 2 branches of the dungeon, and saw 15 of its levels.
You also visited: Volcano.

You collected 674 gold pieces.

Inventory:

Hand Weapons
 a - a +1 war axe (weapon)
 E - a +0 giant club
Missiles
 h - 13 javelins (quivered)
Armour
 g - the cursed +1 plate armour of Dim Light {+Fly rC+ Str+6}
   (You found it on level 3 of the Lair of Beasts)

   It affects your strength (+6).
   It protects you from cold.
   It lets you fly.
   It has a curse placed upon it.
 w - a +0 helmet (worn)
 x - the +1 plate armour of Jyrotiru (worn) {+Blink rElec rN+++ Int-2}
   (You found it on level 4 of the Dungeon)

   It affects your intelligence (-2).
   It insulates you from electricity.
   It renders you almost immune to negative energy.
   It lets you blink.
 D - a +0 pair of gloves (worn)
 G - a scarf of resistance (worn)
 J - a +1 large shield (worn)
Jewellery
 c - a +4 ring of evasion (right hand)
 n - an uncursed ring of flight
 v - an uncursed ring of resist corrosion
 z - an uncursed ring of see invisible
 A - a +4 ring of strength (left hand)
 I - an uncursed ring of wizardry {unknown}
Wands
 d - a wand of disintegration (12)
 t - a wand of enslavement (9)
Scrolls
 b - 2 scrolls of magic mapping
 e - a scroll of identify
 i - a scroll of enchant weapon
 k - 7 scrolls of remove curse
 l - 3 scrolls of amnesia
 o - 3 scrolls of blinking
 q - a scroll of fear
 u - 6 scrolls of teleportation
 y - 2 scrolls of noise
 B - a scroll of fog
Potions
 j - 5 potions of brilliance
 m - a potion of invisibility {unknown}
 p - a potion of curing
 r - a potion of degeneration {unknown}
 s - 3 potions of flight
 C - 2 potions of haste
 F - 2 potions of resistance
 H - a potion of ambrosia
Comestibles
 f - 30 rations
 K - 2 chunks of flesh


   Skills:
 + Level 12.2 Fighting
 + Level 13.4 Axes
 - Level 6.1 Armour
 * Level 1.9 Dodging
 - Level 11.2 Shields
 + Level 15.2 Invocations


You had 12 spell levels left.
You didn't know any spells.
Your spell library contained the following spells:

 Spells                   Type           Power        Failure   Level  Hunger
 Beastly Appendage        Tmut           #.....       100%        1    ##.....
 Freeze                   Ice            #...         100%        1    ##.....
 Sandblast                Erth           #.....       100%        1    ##.....
 Passwall                 Tmut/Erth      #.......     100%        2    ###....
 Sticks to Snakes         Tmut           #.......     100%        2    ###....
 Throw Frost              Conj/Ice       #.....       100%        2    ###....
 Ozocubu's Armour         Chrm/Ice       #.......     100%        3    ####...
 Spider Form              Tmut/Pois      #.........   100%        3    ####...
 Stone Arrow              Conj/Erth      #.....       100%        3    ####...
 Ice Form                 Ice/Tmut       #.......     100%        4    #####..
 Petrify                  Tmut/Erth      #.......     100%        4    #####..
 Summon Ice Beast         Ice/Summ       #.......     100%        4    #####..
 Throw Icicle             Conj/Ice       #.......     100%        4    #####..
 Blade Hands              Tmut           #.........   100%        5    ######.
 Irradiate                Conj/Tmut      #.........   100%        5    ######.
 Lee's Rapid Deconstruct  Erth           #.........   100%        5    ######.
 Hydra Form               Tmut           #.........   100%        6    #######
 Statue Form              Tmut/Erth      #........    100%        6    #######
 Dragon Form              Tmut           #.........   100%        7    #######


Dungeon Overview and Level Annotations

Branches:
Dungeon (11/15)            Temple (0/1) D:7            Lair (4/6) D:10
 Shoals (0/4) Lair:3       Spider (0/4) Lair:3          Orc (0/2) D:10
Volcano (1/1)

Altars:
Cheibriados
Kikubaaqudgha
Vehumet
The Shining One

Annotations:
D:5 2 transporters, sneaky's ghost, novice MiFi
D:8 Grum; Maurice; Pikel
Lair:2 exclusion: oklob plant


Innate Abilities, Weirdness & Mutations

You have large cloven feet.
You are somewhat resistant to further mutation.
Your spells are a little harder to cast, but a little more powerful.
You expend magic power (3 MP) to strengthen your wands.


Message History

You block the smoke demon's attack. x2; The smoke demon completely misses you.
Unknown command.
You slash the hell hound!
You kick the hell hound, but do no damage.
The hell hound is heavily wounded.
You closely miss the smoke demon. You block the hell hound's attack.
You block the red devil's attack.
Unknown command.
You hit the hell hound but do no damage.
Your kick misses the hell hound.
The hell hound is heavily wounded.
You closely miss the smoke demon. The hell hound bites you.
* * * LOW HITPOINT WARNING * * *
The smoke demon gestures at you. Something smites you!
* * * LOW HITPOINT WARNING * * *
The hell hound bites you.
* * * LOW HITPOINT WARNING * * *
The red devil hits you from afar with a +0 trident of flaming.
You die...

##.§§S≈≈≈§≈≈
#......§≈≈≈
#.......≈§
##.....§§
#...##.§§
#8.8# ..
##.## #.#
#@# #.3h#
#4.∩..#
#..###..#
#..# #..#
#..# #..#
...# #...
... ...


You could see a smoke demon, a red devil and a hell hound.

Vanquished Creatures
  3 hydras
  Nergalle (D:10)
  A manticore (Lair:3)
  2 black mambas (Lair:1)
  A centaur zombie (D:10)
  Psyche (D:10)
  9 spiny frogs
  A kobold demonologist (D:9)
  4 komodo dragons
  A troll (D:9)
  A hornet (D:10)
  A queen bee (Lair:1)
  14 blink frogs
  7 hippogriffs
  Sigmund (D:2)
  A spriggan (D:7)
  A basilisk (D:10)
  23 yaks
  2 hungry ghosts
  2 fire bats (Volcano)
  A hell hound (Volcano)
  7 water moccasins
  3 porcupines
  3 orc warriors
  A phantom (D:5)
  An ice beast (D:10)
  26 wolves
  A necrophage (D:9)
  4 ogres
  2 centaurs
  8 crocodiles
  3 big kobolds (D:9)
  10 bullfrogs
  A gnoll sergeant (D:8)
  A scorpion (D:9)
  3 wights (D:9)
  25 killer bees
  2 howler monkeys
  5 crimson imps
  5 lava snakes (Volcano)
  A quasit (D:10)
  6 jellies
  Crazy Yiuf (D:2)
  An orc priest (D:9)
  A bullfrog skeleton (D:10)
  5 hounds
  12 orc wizards
  Terence (D:2)
  Natasha (thrice) (D:4)
  4 iguanas
  8 worker ants
  A killer bee zombie (D:5)
  2 hound skeletons
  12 gnolls
  11 adders
  2 shadow imps (D:6)
  3 oozes
  3 adder zombies
  9 worms
  A dart slug (D:3)
  3 leopard geckos
  31 orcs
  5 bats
  4 giant cockroaches
  7 goblins
  14 hobgoblins
  9 kobolds
  8 quokkas
  3 frilled lizards
  A leopard gecko skeleton (D:5)
  A quokka skeleton (D:10)
  A quokka zombie (D:6)
  3 rats
  2 fungi
368 creatures vanquished.

Vanquished Creatures (others)
  A fungus (Lair:2)
  2 plants (Lair:1)
3 creatures vanquished.

Grand Total: 371 creatures vanquished

Notes
Turn   | Place    | Note
-------+----------+-------------------------------------------
     0 | D:1      | Mrkan the Hill Orc Fighter began the quest for the Orb.
     0 | D:1      | Reached XP level 1. HP: 19/19 MP: 1/1
   241 | D:1      | Reached XP level 2. HP: 27/27 MP: 2/2
   478 | D:2      | Noticed Terence
   518 | D:2      | Killed Terence
   518 | D:2      | Reached XP level 3. HP: 22/33 MP: 3/3
   670 | D:2      | Found a runed translucent door.
   671 | D:2      | Noticed Crazy Yiuf
   680 | D:2      | Killed Crazy Yiuf
   680 | D:2      | Reached XP level 4. HP: 12/40 MP: 4/4
   998 | D:2      | Noticed Sigmund
  1043 | D:2      | Killed Sigmund
  1043 | D:2      | Reached skill level 5 in Axes
  1043 | D:2      | Reached XP level 5. HP: 35/47 MP: 5/5
  1043 | D:2      | Reached XP level 6. HP: 42/55 MP: 6/6
  1602 | D:3      | Reached skill level 5 in Fighting
  2196 | D:4      | Reached XP level 7. HP: 56/61 MP: 7/7
  2215 | D:4      | Noticed Natasha
  2235 | D:4      | Killed Natasha
  2357 | D:4      | Noticed Natasha
  2367 | D:4      | Killed Natasha
  2519 | D:4      | Got a twisted plate armour
  2522 | D:4      | Identified the +1 plate armour of Jyrotiru {+Blink rElec
                  | rN+++ Int-2} (You found it on level 4 of the Dungeon)
  2620 | D:5      | Entered Level 5 of the Dungeon
  2620 | D:5      | Noticed a hungry ghost
  2650 | D:5      | Killed a hungry ghost
  2650 | D:5      | Reached skill level 5 in Armour
  2650 | D:5      | Reached skill level 5 in Shields
  2720 | D:5      | Found a glowing golden altar of the Shining One.
  2909 | D:5      | Reached XP level 8. HP: 69/70 MP: 8/8
  2946 | D:5      | Found a transporter.
  2947 | D:5      | Noticed sneaky's ghost (novice MiFi)
  2947 | D:5      | Identified the +5 dire flail of the King {crush, rElec
                  | Str+4 SInv}
  2948 | D:5      | Found a transporter.
  3154 | D:5      | Became a worshipper of Beogh the Brigand
  3535 | D:4      | Noticed Natasha
  3539 | D:4      | Killed Natasha
  4559 | D:6      | Reached * piety under Beogh
  4847 | D:6      | Found a radiant altar of Vehumet.
  4857 | D:6      | Reached skill level 1 in Invocations
  5066 | D:7      | Noticed a yak
  5066 | D:7      | Noticed a yak
  5066 | D:7      | Noticed a yak
  5066 | D:7      | Noticed a yak
  5066 | D:7      | Noticed a yak
  5067 | D:7      | Noticed a yak
  5078 | D:7      | Killed a yak
  5078 | D:7      | Reached skill level 2 in Invocations
  5078 | D:7      | Reached XP level 9. HP: 58/79 MP: 8/10
  5078 | D:7      | Reached skill level 3 in Invocations
  5090 | D:7      | Reached skill level 4 in Invocations
  5095 | D:7      | Reached skill level 5 in Invocations
  5193 | D:7      | Reached skill level 10 in Axes
  5202 | D:7      | Reached skill level 6 in Invocations
  5293 | D:7      | Found a staircase to the Ecumenical Temple.
  5510 | D:7      | Reached skill level 7 in Invocations
  5510 | D:7      | Reached XP level 10. HP: 88/88 MP: 15/15
  5874 | D:8      | Reached ** piety under Beogh
  6221 | D:8      | Reached skill level 8 in Invocations
  6245 | D:8      | Noticed Grum
  6247 | D:8      | Noticed Pikel
  6250 | D:8      | Noticed Maurice
  7366 | D:9      | Noticed a kobold demonologist
  7375 | D:9      | Noticed a soul eater
  7383 | D:9      | Noticed a smoke demon
  7385 | D:9      | Killed a kobold demonologist
  7385 | D:9      | Reached skill level 9 in Invocations
  7520 | D:9      | Found an ancient bone altar of Kikubaaqudgha.
  7629 | D:9      | Found a snail-covered altar of Cheibriados.
  7730 | D:9      | Reached *** piety under Beogh
  8189 | D:10     | Entered Level 10 of the Dungeon
  8268 | D:10     | Reached skill level 10 in Invocations
  8371 | D:10     | Noticed Psyche
  8382 | D:10     | Killed Psyche
  8451 | D:10     | Reached XP level 11. HP: 66/98 MP: 18/18
  8467 | D:10     | Reached skill level 11 in Invocations
  8673 | D:10     | Found a staircase to the Orcish Mines.
  8687 | D:10     | Reached skill level 10 in Fighting
  8872 | D:10     | Noticed Nergalle
  8881 | D:10     | Killed Nergalle
  8883 | D:10     | Found a staircase to the Lair.
  9104 | Lair:1   | Entered Level 1 of the Lair of Beasts
  9356 | Lair:1   | Reached skill level 12 in Invocations
 10029 | Lair:1   | Reached **** piety under Beogh
 10401 | Lair:1   | Reached skill level 10 in Shields
 10768 | Lair:1   | Reached XP level 12. HP: 108/108 MP: 17/21
 10854 | Lair:1   | Reached skill level 13 in Invocations
 12769 | Lair:2   | Noticed a four-headed hydra
 12772 | Lair:2   | Killed a four-headed hydra
 12936 | Lair:2   | Reached skill level 14 in Invocations
 13254 | Lair:2   | Gained mutation: Scrolls take you a little longer to read.
                  | [potion of mutation]
 13254 | Lair:2   | Gained mutation: You expend magic power (3 MP) to
                  | strengthen your wands. [potion of mutation]
 13254 | Lair:2   | Gained mutation: You can translocate small distances at
                  | will. [potion of mutation]
 13254 | Lair:2   | Gained mutation: You possess an exceptional clarity of
                  | mind. [potion of mutation]
 13255 | Lair:2   | Lost mutation: Scrolls take you a little longer to read.
                  | [potion of mutation]
 13255 | Lair:2   | Lost mutation: You possess an exceptional clarity of mind.
                  | [potion of mutation]
 13255 | Lair:2   | Lost mutation: You can translocate small distances at will.
                  | [potion of mutation]
 13255 | Lair:2   | Gained mutation: You have large cloven feet. [potion of
                  | mutation]
 13255 | Lair:2   | Gained mutation: You are somewhat resistant to further
                  | mutation. [potion of mutation]
 13255 | Lair:2   | Gained mutation: Your spells are a little harder to cast,
                  | but a little more powerful. [potion of mutation]
 13276 | Lair:3   | Noticed a four-headed hydra
 13283 | Lair:3   | Killed a four-headed hydra
 13332 | Lair:3   | Got a faintly glowing plate armour
 13544 | Lair:3   | Identified the cursed +1 plate armour of Dim Light {+Fly
                  | rC+ Str+6} (You found it on level 3 of the Lair of Beasts)
 13668 | Lair:3   | Found a hole to the Spider Nest.
 14110 | Lair:3   | Reached XP level 13. HP: 92/118 MP: 24/24
 14151 | Lair:3   | Reached skill level 15 in Invocations
 14328 | Lair:3   | Found a staircase to the Shoals.
 14947 | Lair:4   | Reached skill level 1 in Dodging
 15163 | Lair:4   | Found a dark tunnel.
 15185 | Volcano  | Entered a volcano
 15304 | Volcano  | HP: 5/118 [smoke demon/divine providence (16)]
 15304 | Volcano  | HP: 2/118 [hell hound (3)]
 15304 | Volcano  | Slain by a red devil

Levels and vault maps discovered:
D:1:      wander_arrival_estate, layout_rooms
D:2:      layout_rooms, uniq_crazy_yiuf_cottage, uniq_terence, uniq_sigmund
D:3:      kennysheep_big_flooded_room, layout_loops_ring
D:4:      layout_loops_cross, uniq_natasha
D:5:      layout_loops_ring, gup_sewer_entry_bubbles, gammafunk_ghost_smash,
          first_ration, tso_metal_star
D:6:      minmay_diamond_boxcup, layout_basic, basic_altar
D:7:      layout_basic, minmay_temple_entry_stoned_glass, the_bakery
D:8:      layout_loops_ring, uniq_grum, uniq_pikel, uniq_maurice
D:9:      layout_basic, cheibrodos_worm_habitat, basic_altar
D:10:     layout_roguey, david_lair_generic, orc_0_dummy, glass_columns_b,
          amethyst_killhole, uniq_psyche, uniq_nergalle
D:11:     layout_basic, basic_altar, nicolae_two_hexagons
Lair:1:   layout_roguey [special_room_bee]
Lair:2:   layout_gridlike, dpeg_stationary_puzzle, grunt_megastairs_2,
          serial_bayou_shore_a
Lair:3:   layout_hall_layers, minmay_shoals_entry_beasts,
          spider_nest_entry_web_field, grunt_forest_large_clearings,
          infiniplex_staircase_pool_2
Lair:4:   layout_concentric_octagons, enter_volcano_1
Volcano:  volcano_grotto [vgs_dualism]

Skill      XL: |  1  2  3  4  5  6  7  8  9 10 11 12 13 |
---------------+----------------------------------------+-----
Axes           | 3 4 5 6 7 9 10 11 13 | 13.4
Fighting       | 4 5 7 8 9 10 12 | 12.2
Armour         | 4 5 6 |  6.1
Shields        | 4 5 6 7 8 10 11 | 11.2
Invocations    | 2 7 10 12 14 15 | 15.2
Dodging        | 1 |  1.9

Action                   |  1- 3 |  4- 6 |  7- 9 | 10-12 | 13-15 || total
-------------------------+-------+-------+-------+-------+-------++-------
Melee: War axe           |    69 |   208 |   454 |  1080 |    94 ||  1905
       Kick              |       |       |       |    41 |    32 ||    73
Invok: Convert to Beogh  |       |       |     1 |       |       ||     1
       Smiting           |       |       |       |    10 |     3 ||    13
  Use: Potion            |       |     1 |     1 |    13 |     1 ||    16
       Scroll            |       |       |     2 |    22 |       ||    24
  Eat: Chunk             |       |     4 |     8 |    10 |     2 ||    24
       Ration            |       |       |     4 |     6 |     1 ||    11
Armor: Scale mail        |    17 |       |       |       |       ||    17
       Chain mail        |     1 |    92 |    12 |       |       ||   105
       Plate armour      |       |       |   222 |   406 |    43 ||   671
       Skin              |       |       |       |     2 |       ||     2
Dodge: Dodged            |    10 |    35 |    72 |   197 |    31 ||   345
Block: Shield            |    38 |    96 |   212 |    55 |       ||   401
       Large shield      |       |       |       |  1022 |   139 ||  1161
